 Dungeon Crawl Stone Soup version 0.31-a0-774-g0d66cbabe8 (webtiles) character file.

Game seed: 5972645784941728807

104 thriggle the Trooper (level 4, -2/46 HPs)
             Began as an Ogre Gladiator on Sept 17, 2023.
             Slain by a gnoll
             ... wielding a +0 spear
              (8 damage)
             ... on level 2 of the Dungeon.
             The game lasted 00:05:19 (1436 turns).

thriggle the Trooper (Ogre Gladiator)               Turns: 1436, Time: 00:05:19

Health: -2/46      AC:  3    Str: 18    XL:     4   Next: 80%
Magic:  5/5        EV: 10    Int: 11    God:
Gold:   42         SH:  0    Dex: 10    Spells: 4/5 levels left

rFire   . . .        a - +1 quarterstaff
rCold   . . .        (shield currently unavailable)
rNeg    . . .        b - +0 robe
rPois   .            c - +0 hat
rElec   .            (no cloak)
rCorr   .            (gloves unavailable)
SInv    .            (boots unavailable)
Will    .....        (no amulet)
Stlth   +            (no ring)
HPRegen 0.27/turn    (no ring)
MPRegen 0.09/turn

%: no passive effects
@: no status effects
A: large, unfitting armour, tough skin 1
a: no special abilities


You were on level 2 of the Dungeon.
You visited 1 branch of the dungeon, and saw 2 of its levels.

You collected 42 gold pieces.

Inventory:

Hand Weapons
 a - a +1 quarterstaff (weapon)
 g - a +0 spear
 j - a +0 halberd
Missiles
 d - 3 throwing nets (quivered)
 e - a large rock
 l - 13 stones
Armour
 b - a +0 robe (worn)
 c - a +0 hat (worn)
Jewellery
 h - a ring of fire
Potions
 f - a potion of ambrosia
 i - a potion of curing {unknown}


   Skills:
 + Level 3.6 Fighting
 + Level 3.5 Staves
 + Level 2.6 Throwing
 + Level 3.1 Dodging
 + Level 1.2 Spellcasting
 + Level 0.7 Conjurations
 + Level 1.0 Earth Magic


You had 4 spell levels left.
You knew the following spells:

 Your Spells              Type           Power      Damage    Failure   Level
a - Sandblast             Erth           4%         2d4       21%         1

Your spell library contained the following spells:

 Spells                   Type           Power      Damage    Failure   Level
 Passwall                 Tmut/Erth      0%         N/A       36%         2
 Cigotuvi's Dreadful Rot  Necr/Pois/Air  0%         N/A       43%         2
 Stone Arrow              Conj/Erth      4%         3d7       54%         3
 Ignite Poison            Fire/Tmut/Pois 0%         N/A       67%         3
 Brom's Barrelling Bould  Conj/Erth      2%         2d3       91%         4
 Freezing Cloud           Conj/Ice/Air   0%         6-21      100%        5


Dungeon Overview and Level Annotations

Branches:
Dungeon (2/15)

Altars:


Innate Abilities, Weirdness & Mutations

You are too large for most types of armour.
You have tough skin. (AC +1)


Message History

A gnoll comes into view. It is wielding a +0 spear.
You see here a ball python corpse.
Things that are here:
a +0 whip; a gnoll corpse The gnoll barely misses you.
The gnoll hits you with a +0 halberd!
You sock the gnoll!
You kill the gnoll!
Your Earth Magic skill increases to level 1!
You see here a +0 halberd.
You see here a +0 halberd.
j - a +0 halberd The ball python hisses angrily.
A gnoll comes into view. It is wielding a +0 flail.
The gnoll shouts! x2
The gnoll closely misses you.
You hit the gnoll.
The gnoll is moderately wounded.
The gnoll hits you with a +0 spear.
The ball python bites you but does no damage.
You hit the gnoll.
The gnoll is heavily wounded.
The gnoll hits you with a +0 spear.
The ball python bites you but does no damage.
You hit the gnoll.
The gnoll is almost dead.
The gnoll hits you but does no damage.
The ball python bites you but does no damage.
You closely miss the gnoll.
The gnoll is almost dead.
The ball python bites you but does no damage.
The gnoll hits you with a +0 flail! The gnoll hits you with a +0 spear.
The ball python bites you.
* * * LOW HITPOINT WARNING * * *
You barely miss the gnoll.
The gnoll is almost dead.
The gnoll hits you with a +0 flail!
* * * LOW HITPOINT WARNING * * *
The gnoll hits you with a +0 spear!
You die...

... #.##)..†###..........##
...#####.......# #.#.......##
#............#..##..#..#####
.............#.........#
.............#.........# .
...÷......#####........# ..
..........# #.......## ..g
.........## ##.g....# ...S
.........# ###.@g....##.....
....###..####....S...........
..## #.###..................
.# #.# #.....).....##..... .
##.###...#####†.## ###
#.÷......# ##.# #.#.#..###
#... .#####...#..# #.....
......÷###..# ........


You could see 2 gnolls and a ball python.

Vanquished Creatures
  2 gnolls (D:2)
  6 adders (D:2)
  A worm (D:2)
  A dart slug (D:2)
  A ball python (D:2)
  2 endoplasms (D:2)
  2 giant cockroaches (D:1)
  3 goblins
  5 hobgoblins
  4 bats
  A frilled lizard (D:2)
  2 rats
30 creatures vanquished.

Notes
Turn   | Place    | Note
-------+----------+-------------------------------------------
     0 | D:1      | thriggle the Ogre Gladiator began the quest for the Orb.
     0 | D:1      | Reached XP level 1. HP: 22/22 MP: 1/1
   557 | D:1      | Reached XP level 2. HP: 26/31 MP: 2/2
   603 | D:1      | Learned a level 1 spell: Sandblast
  1004 | D:2      | Reached XP level 3. HP: 23/37 MP: 3/3
  1148 | D:2      | Reached XP level 4. HP: 26/45 MP: 5/5
  1201 | D:2      | Reached skill level 1 in Spellcasting
  1421 | D:2      | Reached skill level 1 in Earth Magic
  1436 | D:2      | Slain by a gnoll

Illustrated notes

Levels and vault maps discovered:
D:1:      heliophobic_arrival_enchanted_forest, layout_loops_corners
D:2:      layout_rooms

Skill      XL: |  1  2  3  4 |
---------------+-------------+-----
Fighting       | 3 |  3.6
Dodging        | 3 |  3.1
Spellcasting   | 1 |  1.2
Earth Magic    | 1 |  1.0
Staves         | |  3.5
Throwing       | |  2.6
Conjurations   | |  0.7

Action                     |  1- 3 |  4- 6 || total
---------------------------+-------+-------++-------
  Melee: Quarterstaff      |    63 |    25 ||    88
   Cast: Sandblast         |     3 |       ||     3
    Use: Scroll            |     6 |       ||     6
         Potion            |     1 |       ||     1
 Armour: Robe              |    64 |    29 ||    93
  Dodge: Dodged            |    40 |    10 ||    50

Table legend: (Time is in decaauts)
 A = Elapsed time spent in this place.
 B = Non-inter-level travel time spent in this place.
 C = Inter-level travel time spent in this place.
 D = Time resting spent in this place.
 E = Time spent auto-exploring this place.
 F = Levels seen in this place.
 G = Mean time per level.
                   A        B        C        D        E       F      G
               +--------+--------+--------+--------+--------+-----+--------+
         Total |   1450 |   1406 |     44 |     54 |   1009 |   2 |  725.0 |
       Dungeon |   1450 |   1406 |     44 |     54 |   1009 |   2 |  725.0 |
               +--------+--------+--------+--------+--------+-----+--------+

Top non-repeatable levels by time:
     D:1: 902 daAuts
     D:2: 547 daAuts
